Map: Eternal Empire LE

Players

Liquid - Winner!

  • Race: Zerg Zerg
  • League: Silver
  • Spawn Location: 1:00

A.I. 1 (Very Easy)

  • Race: Terran Terran
  • Spawn Location: 7:00

VOD

Have the link to the VOD?

Description

Time

  • Played on: Aug. 30, 2020, 11:17 a.m.
  • Length: 13:01
Show
View Real Time Build Order
Export as new Build Order

Liquid Zerg - Winner!

Build Orders: Hatch First 

Get SALT Encoding   

  12  0:03  Drone  
  13  0:13  Overlord  
  13  0:22  Drone  
  14  0:37  Drone x2  
  14  0:38  Drone  
  17  0:57  Hatchery  
  16  1:10  Extractor  
  15  1:16  Spawning Pool  
  15  1:18  Drone  
  15  1:20  Drone  
  16  1:38  Drone  
  17  1:40  Drone  
  18  1:52  Drone  
  18  1:53  Overlord  
  19  2:11  Drone  
  19  2:13  Drone  
  21  2:17  Metabolic Boost  
  22  2:22  Drone  
  22  2:23  Drone  
  22  2:24  Queen  
  22  2:25  Queen  
  27  2:32  Drone  
  27  2:33  Drone  
  29  3:14  Hatchery  
  29  3:18  Drone  
  29  3:19  Drone  
  30  3:20  Zergling x2  
  30  3:22  Zergling x2, Drone  
  30  3:23  Drone  
  34  3:40  Drone x2  
  36  3:43  Overlord  
  36  4:05  Drone x2  
  36  4:06  Extractor  
  36  4:07  Overlord  
  36  4:08  Overlord  
  38  4:10  Drone  
  38  4:11  Drone  
  38  4:16  Drone  
  40  4:31  Roach Warren  
  40  4:35  Drone  
  40  4:36  Drone, Evolution Chamber  
  40  4:37  Zergling x4, Drone  
  43  4:54  Extractor  
  42  5:06  Queen  
  44  5:11  Lair  
  44  5:14  Lair  
  44  5:21  Spore Crawler  
  44  5:26  Spore Crawler, Drone  
  44  5:27  Drone x4  
  44  5:28  Drone x3  
  50  5:32  Drone  
  51  5:57  Drone  
  51  5:58  Overlord, Drone  
  51  5:59  Overlord  
  51  6:00  Drone  
  51  6:01  Drone  
  51  6:02  Drone x2  
  57  6:33  Extractor  
  57  6:36  Drone x2  
  57  6:37  Zergling x2  
  57  6:38  Overlord  
  57  6:39  Overlord  
  59  6:40  Drone  
  59  6:41  Drone x4  
  59  6:42  Drone x3  
  67  7:10  Drone x2  
  67  7:11  Zergling x2  
  67  7:12  Overlord  
  67  7:13  Drone  
  67  7:14  Drone x2  
  73  7:16  Overlord  
  73  7:28  Roach  
  73  7:29  Roach x2  
  79  7:43  Hydralisk Den  
  77  7:55  Roach x2  
  77  7:56  Roach  
  83  8:07  Zerg Melee Weapons Level 1  
  83  8:13  Glial Reconstitution  
  83  8:16  Hydralisk  
  83  8:17  Hydralisk  
  83  8:18  Hydralisk x2  
  83  8:19  Roach  
  93  8:20  Overlord  
  93  8:21  Overlord  
  93  8:22  Overlord  
  93  8:46  Extractor  
  92  8:48  Hydralisk  
  92  8:49  Hydralisk x2, Roach x2  
  92  8:50  Extractor, Hydralisk, Roach x2  
  107  9:25  Overlord  
  107  9:27  Hydralisk, Overlord  
  107  9:28  Hydralisk, Roach  
  107  9:29  Hydralisk x3, Roach x3  
  107  9:30  Roach x2  
  129  9:39  Overlord  
  129  9:43  Queen x2  
  133  9:58  Overlord  
  133  10:00  Overlord  
  133  10:01  Hydralisk x2, Roach  
  133  10:02  Hydralisk x2, Zerg Missile Weapons Level 1, Roach x3  
  149  10:24  Overlord  
  149  10:25  Hydralisk, Roach  
  149  10:26  Hydralisk, Roach  
  149  10:27  Hydralisk x2, Roach  
  149  10:28  Roach  
  165  10:51  Overlord  
  165  10:52  Hydralisk x2, Roach  
  165  10:53  Roach  
  165  10:54  Overlord  
  165  10:55  Hydralisk, Overlord  
  165  10:56  Roach  
  177  11:17  Overlord  
  177  11:18  Hydralisk x3, Roach  
  179  11:19  Hydralisk x2, Roach x4  
  179  11:20  Roach  
  199  11:36  Ravager  
  200  11:45  Muscular Augments  
  195  12:06  Ravager x2  
  195  12:07  Ravager x2  
  197  12:40  Ravager x2  
Show
View Real Time Build Order
Export as new Build Order

A.I. 1 (Very Easy) Terran 

Build Orders:  

Get SALT Encoding   

  12  0:00  SCV  
  13  0:13  SCV  
  14  0:19  Supply Depot  
  14  0:37  Refinery  
  14  0:43  Barracks  
  14  1:04  Supply Depot  
  14  1:13  Refinery  
  14  1:30  Marine  
  14  1:31  Orbital Command  
  15  1:49  Barracks Tech Lab  
  15  1:57  SCV  
  16  2:09  SCV  
  17  2:18  Marine  
  17  2:21  SCV  
  19  2:33  SCV  
  20  2:45  SCV  
  21  2:58  SCV  
  22  3:06  Marauder  
  24  6:50  SCV  
  24  6:52  Marine, Supply Depot  
  26  6:55  Factory  
  26  6:59  Command Center  
  26  7:02  SCV  
  27  7:14  SCV  
  28  7:17  Supply Depot  
  28  7:26  SCV, Marine  
  30  7:40  Starport  
  26  8:00  Marine  
  27  8:11  SCV  
  28  8:13  Refinery  
  28  8:18  SCV  
  29  8:21  Refinery, Starport Tech Lab  
  29  8:25  SCV  
  30  8:32  SCV  
  31  8:35  Marine  
  31  8:39  SCV, Raven  
  35  8:47  SCV  
  36  8:54  SCV  
  37  9:01  SCV  
  38  9:08  SCV  
  38  9:09  Marine  
  40  9:15  SCV  
  41  9:22  Raven  
  41  9:23  SCV  
  44  9:30  SCV  
  45  9:37  SCV  
  46  9:44  Marauder, SCV  
  49  9:51  SCV  
  50  9:58  SCV  
  51  10:47  SCV  
  50  11:54  SCV  
  49  12:01  SCV  
  49  12:03  Marine  
  49  12:05  Raven  
  49  12:06  Supply Depot  
  51  12:09  SCV  
  45  12:25  SCV  
  23  12:33  Hellion  
  23  12:37  SCV  
Tags
 
League
Silver
Matchup
TvZ
Spawn Locations
Cross Positions
Add a new tag
Caveats
  • Supply blocks, unpowered buildings, or Contaminate may cause inaccurate times.
  • Supply counts are checked every 10 seconds.